 Dungeon Crawl Stone Soup version 0.22.1-1-ga44c0e5 (webtiles) character file.

2108 buskinjo2 the Carver (level 9, 0/55 (56) HPs)
             Began as an Octopode Chaos Knight on Oct 1, 2018.
             Slain by an orc warrior
             ... wielding a +2 halberd of venom
              (19 damage)
             ... on level 6 of the Dungeon.
             The game lasted 00:20:48 (6026 turns).

buskinjo2 the Carver (Octopode Chaos Knight)        Turns: 6026, Time: 00:20:49

HP:   0/55 (56)     AC:  1    Str: 11    XL:     9   Next: 28%
MP:   20/20         EV: 15    Int: 14    God:    Xom [*.....]
Gold: 270           SH:  4    Dex: 15    Spells: 8/8 levels left

rFire    . . .     SeeInvis .   h - +0 long sword
rCold    . . .     Gourm    .   (no shield)
rNeg     . . .     Faith    .   (helmet restricted)
rPois    .         Spirit   .   d - +4 amulet of reflection
rElec    .         Reflect  +   (no ring)
rCorr    .         Harm     .   l - ring of magical power
MR       .....                  (no ring)
Stlth    +++++.....             (no ring)
HPRegen  0.18/turn              (no ring)
MPRegen  0.17/turn              (no ring)
                                (no ring)
                                (no ring)

@: lethally poisoned (0 -> -9)
A: almost no armour, stealthy swim, amphibious, 8 rings, constrict 8, camouflage
1, gelatinous body 1
a: Renounce Religion


You were on level 6 of the Dungeon.
You worshipped Xom.
You were a special plaything of Xom.
You were not hungry.

You visited 1 branch of the dungeon, and saw 6 of its levels.

You collected 270 gold pieces.

Inventory:

Hand Weapons
 a - a +0 falchion of chaos
 h - a +0 long sword (weapon)
Missiles
 c - 196 stones (quivered)
Jewellery
 d - a +4 amulet of reflection (around mantle)
 l - a ring of magical power (right tentacle)
Wands
 f - a wand of paralysis (10)
 j - a wand of random effects (49)
Scrolls
 e - a scroll of magic mapping
Potions
 g - 2 potions of curing
 k - a potion of brilliance
 m - a potion of resistance {unknown}
 o - 3 potions of cancellation {unknown}
 p - 2 potions of heal wounds
 q - a potion of ambrosia {unknown}
Comestibles
 b - 7 rations


   Skills:
 - Level 3.0 Fighting
 * Level 10.3 Long Blades
 + Level 4.0 Dodging
 - Level 7.0 Stealth
 - Level 3.0 Evocations


You had 8 spell levels left.
You didn't know any spells.
Your spell library contained the following spells:

 Spells                   Type           Power        Failure   Level  Hunger
 Animate Skeleton         Necr           N/A          28%         1    ##.....
 Apportation              Tloc           #.....       28%         1    ##.....
 Confusing Touch          Hex            #.....       28%         1    ##.....
 Summon Small Mammal      Summ           #...         28%         1    ##.....
 Call Imp                 Summ           #.......     41%         2    ###....
 Call Canine Familiar     Summ           #.......     65%         3    ####...
 Summon Guardian Golem    Hex/Summ       #.......     65%         3    ####...
 Summon Ice Beast         Ice/Summ       #.......     96%         4    #####..
 Summon Lightning Spire   Summ/Air       #.......     96%         4    #####..


Dungeon Overview and Level Annotations

Branches:
Dungeon (6/15)
 Temple: D:4-7

Altars:
Cheibriados
Makhleb
Qazlal
Ru
Vehumet
Xom


Innate Abilities, Weirdness & Mutations

You cannot wear most types of armour.
You are very stealthy in the water. (Stealth+)
You are amphibious.
You can wear up to eight rings at the same time.
You can use your tentacles to constrict eight enemies at once.
Your skin changes colour to match your surroundings (Stealth+).
Your rubbery body absorbs attacks. (AC +1, EV +1)


Message History

You hit the orc warrior.
The orc warrior is heavily wounded.
You constrict the orc warrior, but do no damage.
The orc warrior hits you with a halberd of venom!
You are poisoned.
You are too injured to fight recklessly!
You are too injured to fight recklessly!
You hit the orc warrior but do no damage.
The orc warrior is heavily wounded.
You constrict the orc warrior.
You feel sick. The orc warrior barely misses you.
You riposte.
You hit the orc warrior but do no damage.
You squeeze the orc warrior, but do no damage.
The orc warrior is heavily wounded.
You hit the orc warrior. You squeeze the orc warrior.
The orc warrior is severely wounded.
You constrict the orc warrior, but do no damage.
You feel sick.
The orc warrior hits you with a halberd of venom!!
You die...

#.#.# #.#.## #.#.#
#.#.## #.#.# #.#...
#.#.# #.....
#.#.#####.....
#.......#..... #
#.#.###.#.....
##.#.#####.....#.......
#....o@).......###.....
##.#.#####.....# #.....
# ####### #..... #.....
....... ###..... ######


You could see an orc warrior.

Vanquished Creatures
  Grinder (D:4)
  Menkaure (D:6)
  An acid dragon (shapeshifter) (D:4)
  A swamp drake (D:4)
  A necrophage (D:6)
  2 orc warriors (D:6)
  A centaur (D:5)
  2 ogres
  2 scorpions
  2 howler monkeys
  4 crimson imps
  A bullfrog zombie (D:6)
  2 jellies (D:6)
  3 orc priests
  3 iguanas
  Crazy Yiuf (D:5)
  An iron imp (D:3)
  A bullfrog skeleton (D:5)
  Natasha (D:4)
  3 orc wizards
  5 worker ants
  A hound zombie (D:6)
  A worker ant zombie (D:5)
  2 adders
  An adder skeleton (D:4)
  5 worms
  A dart slug (D:1)
  3 leopard geckos
  24 orcs
  A ball python (D:1)
  8 giant cockroaches
  9 goblins
  7 hobgoblins
  6 kobolds
  2 quokkas
  4 bats
  5 frilled lizards
  A jackal skeleton (D:4)
  A leopard gecko skeleton (D:4)
  A leopard gecko zombie (D:6)
  A rat (shapeshifter) (D:1)
  4 rats
127 creatures vanquished.

Vanquished Creatures (others)
  An orc wizard (D:4)
1 creature vanquished.

Grand Total: 128 creatures vanquished

Notes
Turn   | Place    | Note
-------+----------+-------------------------------------------
     0 | D:1      | buskinjo2 the Octopode Chaos Knight began the quest for the
                  | Orb.
     0 | D:1      | Reached XP level 1. HP: 16/16 MP: 1/1
    57 | D:1      | Reached XP level 2. HP: 16/21 MP: 2/2
   160 | D:1      | XOM: silly message
   239 | D:1      | XOM: divination: magic mapping
   292 | D:1      | XOM: divination: magic mapping
   723 | D:1      | Reached skill level 4 in Long Blades
   769 | D:1      | XOM: silly message
   787 | D:1      | Reached XP level 3. HP: 26/26 MP: 3/3
   818 | D:1      | XOM: god gift: scroll labeled UTAONK VOOCHO {god gift}
   872 | D:1      | XOM: divination: detect items
  1163 | D:2      | Reached skill level 1 in Stealth
  1198 | D:2      | Found a sacrificial altar of Ru.
  1414 | D:2      | Found a stormy altar of Qazlal.
  1430 | D:2      | XOM: scenery: create altars
  1436 | D:2      | Found a faded altar of an unknown god.
  1513 | D:2      | XOM: divination: detect creatures
  1625 | D:3      | Noticed a scorpion
  1633 | D:3      | Killed a scorpion
  1633 | D:3      | Reached XP level 4. HP: 13/31 MP: 4/4
  1869 | D:3      | XOM: snakes to sticks
  1920 | D:3      | Reached skill level 5 in Long Blades
  1933 | D:3      | XOM: harmless Necr miscast
  1954 | D:3      | Reached XP level 5. HP: 34/36 MP: 5/5
  2228 | D:3      | Noticed an ogre
  2246 | D:3      | Killed an ogre
  2246 | D:3      | Reached skill level 6 in Long Blades
  2246 | D:3      | Reached XP level 6. HP: 26/42 MP: 6/6
  2497 | D:3      | XOM is BORED!
  2497 | D:3      | XOM: silly message
  2498 | D:3      | Found a burning altar of Makhleb.
  2499 | D:3      | Found a radiant altar of Vehumet.
  2661 | D:4      | XOM: silly message
  2903 | D:4      | Found Icevaroa's Magic Scroll Shop.
  2929 | D:4      | Noticed an acid dragon
  2929 | D:4      | an ogre changed into an acid dragon
  2931 | D:4      | Killed an acid dragon
  2931 | D:4      | Reached XP level 7. HP: 46/46 MP: 7/7
  3020 | D:4      | XOM: divination: detect creatures
  3026 | D:4      | Reached skill level 7 in Long Blades
  3177 | D:4      | XOM: harmless Conj miscast
  3212 | D:4      | Noticed Natasha
  3219 | D:4      | Killed Natasha
  3252 | D:4      | Noticed Grinder
  3259 | D:4      | Killed Grinder
  3487 | D:4      | XOM: mild Necr miscast
  3632 | D:4      | Noticed Natasha
  3635 | D:4      | Noticed Natasha
  3635 | D:4      | Natasha changed into Natasha the swamp drake
  3646 | D:4      | Killed Natasha the swamp drake
  3646 | D:4      | Reached skill level 8 in Long Blades
  3646 | D:4      | Reached skill level 1 in Evocations
  3646 | D:4      | Reached XP level 8. HP: 38/51 MP: 8/8
  3736 | D:4      | Found a snail-covered altar of Cheibriados.
  3797 | D:4      | XOM: cloud trail
  3839 | D:5      | Entered Level 5 of the Dungeon
  3849 | D:5      | XOM: smoke on damage
  4060 | D:5      | XOM: enchant monster (good)
  4150 | D:5      | XOM: butterfly on damage
  4368 | D:5      | XOM: god gift: 7 gold pieces
  4386 | D:5      | Found a runed door.
  4609 | D:5      | XOM: cleaving
  5011 | D:5      | Noticed Crazy Yiuf
  5016 | D:5      | Killed Crazy Yiuf
  5016 | D:5      | Reached skill level 9 in Long Blades
  5128 | D:6      | XOM: god gift: 23 arrows
  5129 | D:6      | XOM: fake destruction
  5146 | D:6      | Reached skill level 5 in Stealth
  5160 | D:6      | XOM: draining
  5309 | D:6      | Reached XP level 9. HP: 49/55 MP: 11/11
  5843 | D:6      | Reached skill level 10 in Long Blades
  5873 | D:6      | Noticed Menkaure
  5878 | D:6      | XOM: harmless Conj miscast
  5888 | D:6      | Killed Menkaure
  6026 | D:6      | Slain by an orc warrior

Skill      XL: |  1  2  3  4  5  6  7  8  9 |
---------------+----------------------------+-----
Long Blades    | 4 5 6 8 9 10 | 10.3
Stealth        | 2 3 4 6 7 |  7.0
Dodging        | 3 4 |  4.0
Evocations     | 1 3 |  3.0
Fighting       | |  3.0

Action                   |  1- 3 |  4- 6 |  7- 9 || total
-------------------------+-------+-------+-------++-------
Melee: Falchion          |    64 |    84 |    50 ||   198
       Constrict         |    20 |    22 |    41 ||    83
       Tentacles         |     7 |    19 |    43 ||    69
       Long sword        |       |       |   122 ||   122
Throw: Stone             |     3 |       |     3 ||     6
Evoke: Wand              |       |       |     6 ||     6
  Use: Scroll            |     7 |     1 |     6 ||    14
       Potion            |       |     5 |     1 ||     6
 Stab: Sleeping          |     5 |     9 |    18 ||    32
       Paralysed         |       |     2 |    10 ||    12
       Distracted        |       |       |     1 ||     1
  Eat: Chunk             |     2 |     4 |     3 ||     9
       Ration            |       |       |     2 ||     2
Armor: Skin              |     7 |     2 |     3 ||    12
Dodge: Dodged            |    28 |    53 |    78 ||   159
Block: Other             |       |       |    10 ||    10
       Rpst.: Falchion   |     6 |    16 |     8 ||    30
       Long sword        |       |       |    20 ||    20
